 Dungeon Crawl Stone Soup version 0.26-a0-1012-gedcf9b2963 (webtiles) character file.

Game seed: 6499734744750166931

255 Floopie the Chopper (level 5, -1/49 HPs)
             Began as a Deep Dwarf Delver on Dec 7, 2020.
             Slain by a black bear (7 damage)
             ... on level 6 of the Dungeon.
             The game lasted 00:12:13 (295 turns).

Floopie the Chopper (Deep Dwarf Delver)              Turns: 295, Time: 00:12:14

Health: -1/49      AC:  7    Str: 16    XL:     5   Next: 91%
Magic:  4/4        EV:  9    Int: 11    God:
Gold:   27         SH:  3    Dex: 14    Spells: 4/4 levels left

rFire    . . .     SeeInvis .   M - +1 war axe (vorpal)
rCold    . . .     Faith    .   O - +0 buckler
rNeg     . . .     Spirit   .   I - +0 scale mail (curse)
rPois    .         Reflect  .   (no helmet)
rElec    .         Harm     .   (no cloak)
rCorr    .         Rampage  .   (no gloves)
Will     .....                  J - +0 pair of boots
Stlth    ++........             (no amulet)
HPRegen  0.00/turn              (no ring)
MPRegen  0.09/turn              (no ring)

@: non-regenerating, hasted, very quick
A: damage resistance, heal wounds, sense surroundings 1, no regeneration
a: Heal Wounds


You were on level 6 of the Dungeon.
You visited 1 branch of the dungeon, and saw 5 of its levels.

You collected 27 gold pieces.

Inventory:

Hand Weapons
 a - a +0 hand axe
 M - a +1 vorpal war axe (weapon)
Missiles
 K - 4 stones
 N - 5 boomerangs
Armour
 b - a +0 leather armour
 I - a cursed +0 scale mail (worn)
 J - a +0 pair of boots (worn)
 O - a +0 buckler (worn)
Wands
 D - a wand of digging (4)
Scrolls
 e - a scroll of fear
 L - a scroll of enchant armour {unknown}
 P - a scroll of teleportation {unknown}


   Skills:
 - Level 3.0 Fighting
 + Level 6.7 Axes
 - Level 2.1 Dodging
 - Level 6.0 Stealth


You had 4 spell levels left.
You didn't know any spells.
Your spell library was empty.

Dungeon Overview and Level Annotations

Branches:
Dungeon (6/15)
 Temple: D:4-7

Altars:

Annotations:
D:5 2 transporters, hidenotslide's ghost, novice GnWn


Innate Abilities, Weirdness & Mutations

You are resistant to damage.
You can heal yourself by infusing magical energy.
You passively map a small area around you.
You do not regenerate.


Message History

The black bear is severely wounded.
You closely miss the ufetubus. The black bear closely misses you.
The black bear claws you. x2
The ufetubus hits you but does no damage. x2
You slash the black bear!
The black bear is almost dead.
You hit the ufetubus but do no damage. The black bear bites you!
The black bear claws you. x2
The ufetubus hits you but does no damage. x2
You closely miss the black bear.
The black bear is almost dead.
You miss the ufetubus. The ufetubus barely misses you. The ufetubus misses you.
The black bear bites you!
* * * LOW HITPOINT WARNING * * *
The black bear claws you.
* * * LOW HITPOINT WARNING * * *
The black bear claws you but does no damage.
The ufetubus hits you but does no damage. x2
The black bear bites you!
You die...

########
##......##
##........##
#.....$....#
#..§§......#
#........).#
#...§....§§#
*
#...^...h.§#
,
*##....§§@5##
#....§§§§§.#
#.....§§§§.#
.$....)§§..#
...........#
,
.......o...#
.#......?.##
, ##....c.##
, , #.#....#


You could see a black bear (berserk) and an ufetubus.

Vanquished Creatures
  A centaur (D:6)
  A centaur zombie (D:4)
  A hound (D:5)
  A centaur skeleton (D:5)
  A worker ant (D:4)
  A hound skeleton (D:4)
  An adder (D:5)
  A white imp (D:6)
  9 orcs
  A giant cockroach (D:3)
  2 goblins (D:3)
  A hobgoblin (D:3)
  4 jackals (D:3)
  A kobold (D:3)
26 creatures vanquished.

Vanquished Creatures (others)
  An orc wizard (D:6)
1 creature vanquished.

Grand Total: 27 creatures vanquished

Notes
Turn   | Place    | Note
-------+----------+-------------------------------------------
     0 | D:5      | Floopie the Deep Dwarf Delver began the quest for the Orb.
     0 | D:5      | Reached XP level 1. HP: 20/20 MP: 1/1
     1 | D:6      | Noticed a gnoll sergeant
    12 | D:5      | Noticed an ogre
    31 | D:5      | Noticed a scorpion
    33 | D:5      | Found a transporter.
    33 | D:5      | Noticed a centaur
    33 | D:5      | Noticed hidenotslide's ghost (novice GnWn)
    37 | D:5      | Found a transporter.
    75 | D:5      | Reached skill level 3 in Axes
    75 | D:5      | Reached XP level 2. HP: 18/27 MP: 1/1
   115 | D:4      | Reached skill level 3 in Fighting
   115 | D:4      | Reached XP level 3. HP: 30/34 MP: 2/2
   160 | D:3      | Reached XP level 4. HP: 38/42 MP: 3/3
   269 | D:5      | Reached XP level 5. HP: 37/49 MP: 4/4
   279 | D:6      | Noticed a black bear
   280 | D:6      | Noticed a centaur
   286 | D:6      | Reached skill level 6 in Axes
   291 | D:6      | Killed a centaur
   295 | D:6      | Slain by a black bear

Illustrated notes

Levels and vault maps discovered:
D:2:      layout_loops_ring, eat_drink_and_be_merry_uskayaw, uniq_terence
D:3:      layout_loops_ring, st_stairs_6
D:4:      layout_loops_corners, chequers_temple_overflow_statue_of_worship
D:5:      layout_loops_corners, vehumet_altar_wand_db, serial_shops,
          nicolae_shop_behind_doors, gammafunk_ghost_arena, serial_bayou_pond_b,
          minivault_11
D:6:      layout_rooms, kennysheep_little_box

Skill      XL: |  1  2  3  4  5 |
---------------+----------------+-----
Axes           | 3 4 5 6 |  6.7
Fighting       | 3 |  3.0
Dodging        | |  2.1
Stealth        | |  6.0

Action                   |  1- 3 |  4- 6 || total
-------------------------+-------+-------++-------
Melee: Hand axe          |    45 |     9 ||    54
       War axe           |       |    24 ||    24
 Abil: Heal Wounds       |     3 |       ||     3
  Use: Scroll            |     1 |     1 ||     2
       Potion            |       |     1 ||     1
Armor: Leather armour    |     9 |       ||     9
       Scale mail        |    16 |    35 ||    51
Dodge: Dodged            |    49 |    28 ||    77
Block: Buckler           |       |     2 ||     2

Table legend: (Time is in decaauts)
 A = Elapsed time spent in this place.
 B = Non-inter-level travel time spent in this place.
 C = Inter-level travel time spent in this place.
 D = Time resting spent in this place.
 E = Time spent auto-exploring this place.
 F = Levels seen in this place.
 G = Mean time per level.
                   A        B        C        D        E       F      G
               +--------+--------+--------+--------+--------+-----+--------+
         Total |    304 |    304 |      0 |      0 |      0 |   5 |   60.8 |
       Dungeon |    304 |    304 |      0 |      0 |      0 |   5 |   60.8 |
               +--------+--------+--------+--------+--------+-----+--------+

Top non-repeatable levels by time:
     D:4: 114 daAuts
     D:5: 104 daAuts
     D:3: 68 daAuts
     D:6: 15 daAuts
     D:2: 1 daAuts
